cohdb
Replays
Latest Replays
All Replays
Popular Replays
Top Player Replays
Match Explorer
How It Works
Community
CoH3 Stats
Reddit
Sign in to upload your games and track your stats! →
Sign in with Steam
Match 41363292
Unlisted
Match 41363292
Overview
Messages
Build Orders
End
Scout Squad
Construct Barracks
1⁄4-ton 4x4 Truck
Riflemen Squad
Riflemen Squad
Infantry Support Center
Engineer Squad
Construct Motor Pool
Construct Medical Station
M1 Mortar Team
M24 Chaffee Light Tank
Selects Heavy Weapons
Selects M2HB .50cal Heavy Machine Gun
Selects Rapid Reposition
M1 Anti-tank Gun Team
Selects Bolstered Team Weapons
Advanced Logistics
Survival Training
FooKilla
p1
カルト_くん
STRATEGO
0
0
Comments
sign in to comment!
No comments posted yet!